 Dungeon Crawl Stone Soup version 0.27.1 (webtiles) character file.

Game seed: 13417120054264492882

11 acemry the Shield-Bearer (level 2, 0/26 HPs)
             Began as a Minotaur Fighter on Sept 3, 2021.
             Hit by a stone thrown by a kobold (2 damage)
             ... on level 1 of the Dungeon.
             The game lasted 00:01:05 (123 turns).

acemry the Shield-Bearer (Minotaur Fighter)          Turns: 123, Time: 00:01:06

Health: 0/26       AC:  6    Str: 20    XL:     2   Next: 17%
Magic:  1/1        EV:  9    Int:  5    God:
Gold:   18         SH:  0    Dex:  9    Spells: 1/1 levels left

rFire    + . .     SeeInvis .   a - +0 flail
rCold    + . .     Faith    .   (no shield)
rNeg     . . .     Spirit   .   b - +0 scale mail
rPois    +         Reflect  .   (helmet restricted)
rElec    +         Harm     .   (no cloak)
rCorr    +         Rampage  .   (no gloves)
Will     .....                  (no boots)
Stlth    ..........             (no amulet)
HPRegen  0.08/turn              (no ring)
MPRegen  0.07/turn              (no ring)

@: resistant
A: horns 2, retaliatory headbutt
a: no special abilities


You were on level 1 of the Dungeon.
You visited 1 branch of the dungeon, and saw 1 of its levels.

You collected 18 gold pieces.

Inventory:

Hand Weapons
 a - a +0 flail (weapon)
Armour
 b - a +0 scale mail (worn)
 c - a +0 kite shield
Potions
 d - a potion of might


   Skills:
 - Level 3.6 Fighting
 + Level 3.5 Maces & Flails
 - Level 3.6 Armour
 - Level 3.6 Shields


You had one spell level left.
You didn't know any spells.
Your spell library was empty.

Dungeon Overview and Level Annotations

Branches:
Dungeon (1/15)

Altars:


Innate Abilities, Weirdness & Mutations

You have a pair of horns on your head.
You reflexively headbutt those who attack you in melee.


Message History

The ball python constricts you.
You hit the kobold.
You kill the kobold!
The rat barely misses you.
The ball python bites you but does no damage.
The ball python constricts you.
A dart slug comes into view.
You escape the ball python's grasp.
The rat closely misses you.
Things that are here:
a +0 short sword; a kobold corpse The rat bites you but does no damage.
The ball python closely misses you. The ball python grabs you.
The ball python constricts you.
You escape the ball python's grasp.
The ball python bites you. The ball python grabs you.
The ball python constricts you.
The ball python's grasp on you weakens, but your attempt to escape fails.
The rat barely misses you. The ball python bites you.
* * * LOW HITPOINT WARNING * * *
The ball python constricts you. The quokka bites you.
* * * LOW HITPOINT WARNING * * *
You escape the ball python's grasp.
The rat barely misses you. The quokka barely misses you.
Things that are here:
a +0 club; a kobold corpse The rat barely misses you.
The quokka bites you but does no damage.
The ball python bites you but does no damage.
The ball python closely misses you. The quokka closely misses you.
The quokka closely misses you.
Things that are here:
a +0 short sword; a stone Unknown command.
It was a potion of resistance.
You feel protected. The quokka bites you.
* * * LOW HITPOINT WARNING * * *
You hit the quokka but do no damage. You headbutt the quokka.
You kill the quokka!
The kobold throws a stone.
The stone hits you.
You die...

####............##.).#
####..####.Sw####w....#
.##.......# .......#
#.....#)#.........#
#...####r#....(....#
#..[# #S#.........#
...#. #K#.........#
.### #†#......w..# #@#
#.# #.# #.# #.# #.# #.#
#.#


You could see a dart slug, a ball python, a kobold and a rat.

Vanquished Creatures
  2 ball pythons (D:1)
  2 bats (D:1)
  An endoplasm (D:1)
  A hobgoblin (D:1)
  3 kobolds (D:1)
  A quokka (D:1)
  A rat (D:1)
11 creatures vanquished.

Notes
Turn   | Place    | Note
-------+----------+-------------------------------------------
     0 | D:1      | acemry the Minotaur Fighter began the quest for the Orb.
     0 | D:1      | Reached XP level 1. HP: 19/19 MP: 0/0
    76 | D:1      | Reached XP level 2. HP: 22/26 MP: 1/1
   123 | D:1      | Hit by a stone thrown by a kobold

Illustrated notes

Levels and vault maps discovered:
D:1:      minmay_arrival_stair_chambers, layout_rooms, serial_shops,
          nicolae_shop_temple_entry_statues_fountains, basic_ecumenical_altar

Skill      XL: |  1 |
---------------+----+-----
Maces & Flails | 3 |  3.5
Fighting       | |  3.6
Armour         | |  3.6
Shields        | |  3.6

Action                   || total
-------------------------++-------
Melee: Flail             ||    23
       Headbutt          ||     4
  Use: Potion            ||     1
Armor: Scale mail        ||    20
Dodge: Dodged            ||    24
